 Dungeon Crawl Stone Soup version 0.18-a0-1577-gf591c28 (webtiles) character file.

326 M4edhros the Ducker (level 6, -1/63 HPs)
             Began as an Octopode Wanderer on Mar 18, 2016.
             Slain by Pikel
             ... wielding a +1 whip of flaming
              (3 damage)
             ... on level 4 of the Dungeon.
             The game lasted 00:05:23 (4144 turns).

M4edhros the Ducker (Octopode Wanderer)             Turns: 4144, Time: 00:05:24

Health: -1/63      AC: 23    Str: 11    XL:     6   Next: 49%
Magic:  6/6        EV:  2    Int: 21    God:
Gold:   158        SH:  0    Dex: 12    Spells: 0 memorised, 5 levels left

rFire  . . .     SeeInvis .     v - +3 quarterstaff (chaos)
rCold  . . .     Gourm    .     (shield currently unavailable)
rNeg   + + +     Faith    .     (helmet currently unavailable)
rPois  +         Spirit   .     (no amulet)
rElec  .         Dismiss  .     p - ring of teleportation (curse)
rCorr  .         Reflect  .     (no ring)
SustAt .         Harm     .     (no ring)
MR     .....     NoTele   +     (no ring)
Stlth  ++........               (no ring)
                                (no ring)
                                (no ring)
                                (no ring)

@: brilliant, tree-form, invisible, not resistant to hostile enchantments,
unstealthy
A: almost no armour, (amphibious), 8 rings, (constrict 8), (camouflage 0),
(gelatinous body 0)
a: no special abilities


You were on level 4 of the Dungeon.
You were not hungry.
You were a tree.
You visited 1 branch of the dungeon, and saw 4 of its levels.

You collected 158 gold pieces.

Inventory:

Hand Weapons
 a - a +2 hand crossbow
 v - a +3 quarterstaff of chaos (weapon)
 B - a +0 hunting sling
Missiles
 b - 63 bolts
 m - 12 poisoned sling bullets
 r - a throwing net (quivered)
Armour
 d - a +0 buckler
Jewellery
 p - a cursed ring of teleportation (left branch)
Scrolls
 c - a scroll of teleportation
 e - 6 scrolls of identify {unknown}
 k - 2 scrolls of remove curse {unknown}
 l - a scroll of amnesia {unknown}
 n - a scroll of fog {unknown}
 o - a scroll of enchant armour {unknown}
 q - a scroll of magic mapping {unknown}
 s - a scroll of enchant weapon {unknown}
 x - a scroll of immolation {unknown}
Potions
 u - a potion of cancellation
 z - a potion of lignification
Books
 y - a book of Unlife

   Spells                             Type                      Level
   a - Recall                         Summoning/Translocation      3
   b - Animate Dead                   Necromancy                   4
   c - Control Undead                 Necromancy                   4
   d - Cigotuvi's Embrace             Necromancy                   5
   e - Death Channel                  Necromancy                   6
   f - Simulacrum                     Ice/Necromancy               6
Comestibles
 f - 3 bread rations
 g - 4 fruits
 h - 2 beef jerkies
 i - 3 slices of pizza
 j - a royal jelly


   Skills:
 - Level 3.0 Fighting
   Level 1.0 Long Blades
 - Level 3.0 Crossbows
 + Level 6.4 Dodging
 - Level 1.3 Stealth
 - Level 1.0 Shields


You had 5 spell levels left.
You didn't know any spells.

Dungeon Overview and Level Annotations

Branches:
Dungeon (4/15)
 Temple: D:4-7

Altars:
Fedhas
Makhleb
Yredelemnul

Annotations:
D:3 M4edhros's ghost, amateur OpWn
D:4 Pikel


Innate Abilities, Weirdness & Mutations

You cannot wear most types of armour.
((You are amphibious.))
You can wear up to eight rings at the same time.
((You can use your tentacles to constrict eight enemies at once.))
((Your skin changes colour to match your surroundings (Stealth).))
((Your rubbery body absorbs attacks (AC +1).))


Message History

Pikel hits you with a whip of flaming! Pikel burns you.
* * * LOW HITPOINT WARNING * * *
Pikel hits you with a whip of flaming!
* * * LOW HITPOINT WARNING * * *
Pikel burns you.
* * * LOW HITPOINT WARNING * * *
Drink which item? (? for menu, Esc to quit)
It was a potion of brilliance.
You feel clever all of a sudden. Pikel hits you with a whip of flaming!
* * * LOW HITPOINT WARNING * * *
Pikel burns you.
* * * LOW HITPOINT WARNING * * *
Drink which item? (? for menu, Esc to quit)
Okay, then.
Drink which item? (? for menu, Esc to quit)
It was a potion of invisibility.
You fade into invisibility!
Pikel hits you but does no damage. Pikel hits you with a whip of flaming.
You die...

######.......#####........#######
.#..(..####......................
##.###.# #.######........######.
.#.#...## #............%[K.......
.#.#....###..####...#######[..###
......_......# #...# ##...Kp##
#.###....#.### #...# #.......#
..# ##...#.######K..# ##.......#
..# #.###.#....♣...# #.........
..####.....#........# #........S
.......#####........# ####......
..####..............# ####... ###
################ #... ##.. #..
#.. ##.


You could see Pikel (berserk).

Vanquished Creatures
  3 slaves (D:4)
  A crimson imp (D:3)
  2 hounds (D:4)
  Crazy Yiuf (D:3)
  A centaur skeleton (D:4)
  An iguana (D:4)
  A howler monkey skeleton (D:4)
  A gnoll (D:1)
  6 adders
  A worm (D:3)
  3 dart slugs
  A giant gecko (D:1)
  2 orcs
  7 bats
  4 giant cockroaches
  12 goblins
  8 hobgoblins
  4 jackals (D:3)
  5 kobolds
  A quokka (D:4)
  4 giant newts
  2 gnoll zombies (D:3)
  A quokka skeleton (D:4)
  6 rats
78 creatures vanquished.

Vanquished Creatures (others)
  A goblin (D:4)
1 creature vanquished.

Grand Total: 79 creatures vanquished

Notes
Turn   | Place    | Note
--------------------------------------------------------------
     0 | D:1      | M4edhros the Octopode Wanderer began the quest for the Orb.
     0 | D:1      | M4edhros set off with: a +2 hand crossbow, 26 bolts, a scroll of teleportation, a +0 buckler, a bread ration
     0 | D:1      | Reached XP level 1. HP: 16/16 MP: 1/1
   103 | D:1      | Reached skill level 2 in Dodging
   103 | D:1      | Reached XP level 2. HP: 15/21 MP: 2/2
   559 | D:1      | Reached XP level 3. HP: 26/26 MP: 3/3
   594 | D:1      | Reached skill level 3 in Dodging
  1679 | D:2      | Reached XP level 4. HP: 31/31 MP: 4/4
  1764 | D:2      | Found a blossoming altar of Fedhas.
  1946 | D:2      | Reached skill level 4 in Dodging
  2289 | D:3      | Reached XP level 5. HP: 30/36 MP: 5/5
  2416 | D:3      | Found a basalt altar of Yredelemnul.
  2614 | D:3      | Noticed M4edhros's ghost (amateur OpWn)
  3121 | D:3      | Found a faded altar to an unknown god.
  3130 | D:3      | Reached skill level 5 in Dodging
  3364 | D:3      | Noticed Crazy Yiuf
  3372 | D:3      | Killed Crazy Yiuf
  3588 | D:4      | Found a burning altar of Makhleb.
  3622 | D:4      | Reached XP level 6. HP: 32/42 MP: 6/6
  3638 | D:4      | Reached skill level 6 in Dodging
  3737 | D:4      | Noticed a slave
  3737 | D:4      | Noticed a slave
  3738 | D:4      | Noticed a slave
  3760 | D:4      | Killed a slave
  3933 | D:4      | Killed a slave
  3952 | D:4      | Noticed a slave
  3968 | D:4      | Killed a slave
  4020 | D:4      | Noticed Pikel
  4143 | D:4      | HP: 2/63 [Pikel/whip of flaming (7)]
  4144 | D:4      | Slain by Pikel

Vault maps used:
D:1:      minmay_arrival_three_doors
D:2:      fedhas_altar_2
D:3:      lemuel_zombie_altar_yredelemnul, ecumenical_altar_1,
          uniq_crazy_yiuf_cottage
D:4:      kennysheep_spiral_hall, nicolae_overflow_crystal_walls, uniq_pikel

Skill      XL: |  1  2  3  4  5  6 |
---------------+-------------------+-----
Dodging        | 2 3 4 5 6 |  6.4
Fighting       | |  3.0
Long Blades    | |  1.0
Crossbows      | |  3.0
Stealth        | |  1.3
Shields        | |  1.0

Action                   |  1- 3 |  4- 6 || total
-------------------------+-------+-------++-------
Melee: Unarmed           |    86 |   119 ||   205
       Quarterstaff      |       |    46 ||    46
 Fire: Hand crossbow     |     2 |       ||     2
  Use: Potion            |     1 |     5 ||     6
 Stab: Sleeping          |     8 |     6 ||    14
       Distracted        |       |     2 ||     2
       Paralysed         |       |     3 ||     3
  Eat: Chunk             |     2 |     8 ||    10
